 Dungeon Crawl Stone Soup version 0.27-a0-1065-ge809cff456 (webtiles) character file.

Game seed: 12677261211242448581

133 senseless the Cudgeller (level 5, -6/41 HPs)
             Began as a Human Monk on Apr 22, 2021.
             Mangled by a gnoll
             ... wielding a +0 flail
              (14 damage)
             ... on level 3 of the Dungeon.
             The game lasted 00:03:18 (2372 turns).

senseless the Cudgeller (Human Monk)                Turns: 2372, Time: 00:03:18

Health: -6/41      AC:  3    Str: 13    XL:     5   Next: 40%
Magic:  5/5        EV: 13    Int: 10    God:
Gold:   50         SH:  0    Dex: 15    Spells: 4/4 levels left

rFire    . . .     SeeInvis .   g - +2 dagger (flame)
rCold    . . .     Faith    .   (no shield)
rNeg     . . .     Spirit   .   b - +0 robe
rPois    .         Reflect  .   (no helmet)
rElec    .         Harm     .   (no cloak)
rCorr    .         Rampage  .   (no gloves)
Will     .....                  n - +0 pair of boots
Stlth    ++........             (no amulet)
HPRegen  0.13/turn              (no ring)
MPRegen  0.09/turn              (no ring)

@: no status effects
A: no striking features
a: no special abilities


You were on level 3 of the Dungeon.
You visited 1 branch of the dungeon, and saw 3 of its levels.

You collected 50 gold pieces.

Inventory:

Hand Weapons
 a - a +0 mace
 g - a +2 dagger of flaming (weapon)
Armour
 b - a +0 robe (worn)
 n - a +0 pair of boots (worn)
Wands
 p - a wand of charming (4)
Scrolls
 c - a scroll of fog {unknown}
 e - a scroll of acquirement {unknown}
 f - a scroll of noise {unknown}
 j - a scroll of identify {unknown}
 m - a scroll of vulnerability {unknown}
Potions
 d - a potion of might {unknown}
 h - a potion of mutation {unknown}
 i - a potion of resistance {unknown}
 k - a potion of heal wounds {unknown}
 l - a potion of curing {unknown}
 o - a potion of flight {unknown}


   Skills:
 + Level 3.5 Fighting
 + Level 0.5 Short Blades
 + Level 4.1 Maces & Flails
 + Level 3.7 Dodging
 + Level 3.0 Stealth


You had 4 spell levels left.
You didn't know any spells.
Your spell library contained the following spells:

 Spells                   Type           Power      Damage    Failure   Level
 Animate Skeleton         Necr           0%         N/A       36%         1
 Pain                     Necr           0%         1d4       36%         1
 Vampiric Draining        Necr           0%         2d6       75%         3
 Animate Dead             Necr           0%         N/A       98%         4
 Agony                    Necr           0%         N/A       100%        5


Dungeon Overview and Level Annotations

Branches:
Dungeon (3/15)

Altars:


Message History

The gnoll is lightly wounded.
The gnoll hits you with a +0 club.
You hit the gnoll but do no damage.
The gnoll is lightly wounded.
The gnoll barely misses you.
An adder comes into view.
You hit the gnoll but do no damage.
The gnoll is lightly wounded.
The gnoll misses you. The adder bites you but does no damage.
You hit the gnoll. You burn the gnoll.
The gnoll is severely wounded.
The adder barely misses you. The gnoll hits you with a +0 club.
You barely miss the gnoll.
The gnoll is severely wounded.
The adder bites you. The gnoll hits you with a +0 club. The adder misses you.
You hit the gnoll. You burn the gnoll.
The gnoll is almost dead.
The adder barely misses you.
You hit the gnoll but do no damage. The adder misses you.
You miss the adder. The gnoll hits you with a +0 flail!
The adder barely misses you.
You hit the adder. You burn the adder.
The adder is moderately wounded.
The adder closely misses you. The gnoll closely misses you.
The adder barely misses you.
You hit the adder. You burn the adder.
The adder is moderately wounded.
The gnoll hits you with a +0 flail. The adder bites you but does no damage.
You closely miss the adder.
The adder is moderately wounded.
The gnoll hits you with a +0 flail.
* * * LOW HITPOINT WARNING * * *
The adder bites you.
* * * LOW HITPOINT WARNING * * *
You miss the adder.
The adder is moderately wounded.
The adder bites you.
* * * LOW HITPOINT WARNING * * *
The gnoll hits you with a +0 flail!
You die...

........... .........
#..#..# #....###
#..[..#####
###.g##.....#
#..gr##.....#
##.##g##.....#
###g.##@##....)#
###...g.#S##.....#
#..........####.##
#>..........# #.###
#.........#.###.<.# .
...........#....##.#
...
##.........####..#.#..#
#..?....>.# #.......#
##........##..#.##.##


You could see 3 gnolls, an adder and a rat.

Vanquished Creatures
  A jelly (D:2)
  Ijyb (D:3)
  3 adders (D:2)
  2 worms (D:2)
  A dart slug (D:1)
  3 endoplasms (D:1)
  5 giant cockroaches
  5 goblins
  2 hobgoblins
  4 jackals (D:1)
  A quokka (D:1)
  3 ball pythons
  6 bats
  3 frilled lizards
  2 kobolds
  3 rats
45 creatures vanquished.

Notes
Turn   | Place    | Note
-------+----------+-------------------------------------------
     0 | D:1      | senseless the Human Monk began the quest for the Orb.
     0 | D:1      | Reached XP level 1. HP: 18/18 MP: 1/1
   435 | D:1      | Reached XP level 2. HP: 23/24 MP: 2/2
   811 | D:1      | Reached XP level 3. HP: 18/29 MP: 3/3
  1395 | D:2      | Reached XP level 4. HP: 31/35 MP: 4/4
  1682 | D:2      | Reached skill level 4 in Maces & Flails
  2062 | D:2      | Reached XP level 5. HP: 35/41 MP: 5/5
  2189 | D:3      | Noticed Ijyb
  2207 | D:3      | Killed Ijyb
  2372 | D:3      | Mangled by a gnoll

Illustrated notes

Levels and vault maps discovered:
D:1:      scummos_arrival_forest, layout_basic, palyth_stone_intersect,
          kennysheep_another_room, hangedman_abyss_or_decor_stabs
D:2:      minmay_wonky_spiral, layout_loops_ring, minmay_pentomino_t2
D:3:      layout_rooms, lemuel_doored_altar, ebering_ecumenical_altar_ruins,
          uniq_ijyb

Skill      XL: |  1  2  3  4  5 |
---------------+----------------+-----
Maces & Flails | 4 |  4.1
Stealth        | 3 |  3.0
Fighting       | |  3.5
Short Blades   | |  0.5
Dodging        | |  3.7

Action                   |  1- 3 |  4- 6 || total
-------------------------+-------+-------++-------
Melee: Mace              |    58 |       ||    58
       Dagger            |    11 |    79 ||    90
 Stab: Sleeping          |     5 |     5 ||    10
Armor: Robe              |    13 |     5 ||    18
Dodge: Dodged            |    37 |    47 ||    84

Table legend: (Time is in decaauts)
 A = Elapsed time spent in this place.
 B = Non-inter-level travel time spent in this place.
 C = Inter-level travel time spent in this place.
 D = Time resting spent in this place.
 E = Time spent auto-exploring this place.
 F = Levels seen in this place.
 G = Mean time per level.
                   A        B        C        D        E       F      G
               +--------+--------+--------+--------+--------+-----+--------+
         Total |   2383 |   2341 |     42 |      0 |   2004 |   3 |  794.3 |
       Dungeon |   2383 |   2341 |     42 |      0 |   2004 |   3 |  794.3 |
               +--------+--------+--------+--------+--------+-----+--------+

Top non-repeatable levels by time:
     D:1: 1174 daAuts
     D:2: 1020 daAuts
     D:3: 189 daAuts
